 Dungeon Crawl Stone Soup version 0.22-a0-346-ga7143740d5 (webtiles) character file.

473 Kriby the Skirmisher (level 7, -1/59 HPs)
             Began as a Gnoll Wanderer on Apr 6, 2018.
             Slain by an ogre
             ... wielding a +0 giant club
              (24 damage)
             ... on level 4 of the Dungeon.
             The game lasted 00:06:33 (5219 turns).

Kriby the Skirmisher (Gnoll Wanderer)               Turns: 5219, Time: 00:06:33

Health: -1/59      AC: 12    Str: 16    XL:     7   Next: 10%
Magic:  21/21      EV:  6    Int: 20    God:
Gold:   325        SH:  0    Dex: 14    Spells: 12/13 levels left

rFire    + . .     SeeInvis .   s - +0 war axe
rCold    + + .     Gourm    .   (no shield)
rNeg     . . .     Faith    .   q - +1 plate armour
rPois    +         Spirit   .   (no helmet)
rElec    +         Reflect  .   (no cloak)
rCorr    +         Harm     .   (no gloves)
MR       .....                  (no boots)
Stlth    ..........             (no amulet)
HPRegen  0.19/turn              v - ring of protection from cold
MPRegen  0.17/turn              n - ring of magical power

@: brilliant, resistant
A: distributed training, fangs 1, hooves 1, blink, sturdy frame 1, strong nose
a: Blink


You were on level 4 of the Dungeon.
You were very hungry.

You visited 1 branch of the dungeon, and saw 4 of its levels.
You also visited: Sewer.

You collected 325 gold pieces.

Inventory:

Hand Weapons
 c - a +2 short sword of draining
 s - a +0 war axe (weapon)
Missiles
 a - 123 stones (quivered)
Armour
 d - a +0 robe
 q - a +1 plate armour (worn)
Jewellery
 n - a ring of magical power (right hand)
 v - a ring of protection from cold (left hand)
Wands
 h - a wand of polymorph (20)
Scrolls
 e - 2 scrolls of blinking {unknown}
 j - 2 scrolls of enchant weapon {unknown}
 k - a scroll of immolation {unknown}
 l - 3 scrolls of identify {unknown}
 m - a scroll of teleportation {unknown}
 o - 2 scrolls of remove curse
 p - a scroll of random uselessness {unknown}
Potions
 b - a potion of flight
 t - 3 potions of curing
Comestibles
 f - 9 rations


   Skills:
 + Level 6.9 Fighting
 + Level 2.2 Short Blades
 + Level 2.2 Long Blades
 + Level 5.1 Axes
 + Level 2.2 Maces & Flails
 + Level 2.2 Polearms
 + Level 2.2 Staves
 + Level 2.2 Slings
 + Level 2.2 Bows
 + Level 2.2 Crossbows
 + Level 5.1 Throwing
 + Level 2.2 Armour
 + Level 2.2 Dodging
 + Level 2.2 Stealth
 + Level 2.2 Shields
 + Level 2.2 Unarmed Combat
 + Level 3.6 Spellcasting
 + Level 2.8 Conjurations
 + Level 1.8 Hexes
 + Level 1.8 Charms
 + Level 1.8 Summonings
 + Level 1.8 Necromancy
 + Level 1.8 Translocations
 + Level 1.8 Transmutations
 + Level 1.8 Fire Magic
 + Level 1.8 Ice Magic
 + Level 1.8 Air Magic
 + Level 2.8 Earth Magic
 + Level 1.8 Poison Magic
 + Level 2.4 Invocations
 + Level 2.2 Evocations


You had 12 spell levels left.
You knew the following spells:

 Your Spells              Type           Power        Failure   Level  Hunger
a - Magic Dart            Conj           ####         13%         1    None


Dungeon Overview and Level Annotations

Branches:
Dungeon (4/15)
 Temple: D:4-7

Altars:
Dithmenos
Elyvilon
Gozag
Makhleb
Okawaru
The Shining One


Innate Abilities, Weirdness & Mutations

Your experience applies equally to all skills.
You have very sharp teeth.
Your uncanny sense of smell can sniff out nearby items.
You have large cloven feet.
You can translocate small distances at will.
Your movements are slightly less encumbered by armour. (ER -2)


Message History

It was a potion of brilliance.
You feel clever all of a sudden.
As you read the scroll labeled MANAIC SOPT, it crumbles to dust.
You feel aware of your surroundings.
It was a scroll of magic mapping.
As you read the scroll labeled WYGHEGYMAUB, it crumbles to dust.
It is a scroll of enchant armour.
Your +0 plate armour glows green for a moment.
You slash the ogre! You kick the ogre.
The ogre is moderately wounded.
The ogre barely misses you.
You barely miss the ogre. You kick the ogre.
The ogre is heavily wounded.
The ogre hits you with a giant club!!
You barely miss the ogre. You kick the ogre. You bite the ogre.
The ogre is heavily wounded.
The ogre barely misses you.
You slash the ogre!
The ogre is almost dead.
The ogre hits you with a giant club!!
You die...

##......###########+###..........
.+......#........#...............
.#......'........#............(..
.#......#'######'#...............
.#............[.[...).......#####
.'................#####.....#
.#................'...'.....#
.#######..........#...#.....#
.......#.......O@.#...#.....#
.......+.....<....#####.....#####
.##.>..#..........#,,,#.........#
+##....#..........#,,,#.........#
.##....##'##......#,,∆#.........#
...........#......',,,#....[.....
.#####'##..'......#,,,#..........
.##....#**##......#,,,#..........
.......#,,,.......#,,,#.........#


You could see an ogre.

Vanquished Creatures
  A crocodile (Sewer)
  A scorpion (D:4)
  An orc priest (D:4)
  2 iguanas (D:4)
  Natasha (thrice) (D:2)
  An orc wizard (D:4)
  A worker ant (D:4)
  8 adders
  An adder skeleton (D:4)
  2 worms
  2 dart slugs (D:1)
  A leopard gecko (D:3)
  10 orcs
  2 giant cockroaches (D:1)
  7 goblins
  7 hobgoblins
  9 bats
  4 frilled lizards
  6 kobolds
  5 rats
74 creatures vanquished.

Notes
Turn   | Place    | Note
-------+----------+-------------------------------------------
     0 | D:1      | Kriby the Gnoll Wanderer began the quest for the Orb.
     0 | D:1      | Kriby set off with: a +0 hand axe, a potion of curing, a +0 robe, a ration
     0 | D:1      | Reached XP level 1. HP: 23/23 MP: 4/4
   338 | D:1      | Reached XP level 2. HP: 29/29 MP: 5/5
   833 | D:2      | Reached XP level 3. HP: 32/35 MP: 7/7
  1088 | D:2      | Noticed Natasha
  1097 | D:2      | Killed Natasha
  1097 | D:2      | Reached skill level 1 in Short Blades
  1097 | D:2      | Reached skill level 1 in Long Blades
  1097 | D:2      | Reached skill level 1 in Maces & Flails
  1097 | D:2      | Reached skill level 1 in Polearms
  1097 | D:2      | Reached skill level 1 in Staves
  1097 | D:2      | Reached skill level 1 in Slings
  1097 | D:2      | Reached skill level 1 in Bows
  1097 | D:2      | Reached skill level 1 in Crossbows
  1097 | D:2      | Reached skill level 1 in Armour
  1097 | D:2      | Reached skill level 1 in Dodging
  1097 | D:2      | Reached skill level 1 in Stealth
  1097 | D:2      | Reached skill level 1 in Shields
  1097 | D:2      | Reached skill level 1 in Unarmed Combat
  1097 | D:2      | Reached skill level 1 in Invocations
  1097 | D:2      | Reached skill level 1 in Evocations
  1382 | D:2      | Found a glowing golden altar of the Shining One.
  1505 | D:2      | Noticed Natasha
  1512 | D:2      | Killed Natasha
  1512 | D:2      | Reached XP level 4. HP: 20/41 MP: 8/8
  1773 | D:2      | Found a shadowy altar of Dithmenos.
  1863 | D:2      | Noticed Natasha
  1873 | D:2      | Killed Natasha
  1873 | D:2      | Reached skill level 1 in Hexes
  1873 | D:2      | Reached skill level 1 in Charms
  1873 | D:2      | Reached skill level 1 in Summonings
  1873 | D:2      | Reached skill level 1 in Necromancy
  1873 | D:2      | Reached skill level 1 in Translocations
  1873 | D:2      | Reached skill level 1 in Transmutations
  1873 | D:2      | Reached skill level 1 in Fire Magic
  1873 | D:2      | Reached skill level 1 in Ice Magic
  1873 | D:2      | Reached skill level 1 in Air Magic
  1873 | D:2      | Reached skill level 1 in Poison Magic
  2170 | D:2      | Reached XP level 5. HP: 43/47 MP: 9/9
  2311 | D:2      | Found a burning altar of Makhleb.
  2363 | D:3      | Found a white marble altar of Elyvilon.
  2363 | D:3      | Found an iron altar of Okawaru.
  2363 | D:3      | Found an opulent altar of Gozag.
  2898 | D:3      | Found a glowing drain.
  2954 | Sewer    | Entered a sewer
  3002 | Sewer    | Noticed a crocodile
  3031 | Sewer    | Killed a crocodile
  3031 | Sewer    | Reached XP level 6. HP: 25/53 MP: 10/10
  4106 | D:4      | Reached skill level 5 in Axes
  4106 | D:4      | Reached skill level 5 in Throwing
  4451 | D:4      | Reached XP level 7. HP: 41/59 MP: 12/12
  5187 | D:4      | Learned a level 1 spell: Magic Dart
  5212 | D:4      | Gained mutation: Your movements are slightly less encumbered by armour. (ER -2) [potion of mutation]
  5212 | D:4      | Gained mutation: You have large cloven feet. [potion of mutation]
  5212 | D:4      | Gained mutation: You can translocate small distances at will. [potion of mutation]
  5219 | D:4      | Slain by an ogre

Vault maps used:
D:1:      dpeg_arrival_central
D:2:      cheibrodos_greedy_goblins, marbit_many_paths,
          grunt_dithmenos_smoke_and_mirrors, nicolae_tso_swordbearing_angel,
          uniq_natasha
D:3:      gammafunk_temple_overflow_forgotten, cheibrodos_sewer_entry_bend,
          kennysheep_nondescript
D:4:      first_ration, palyth_stone_intersect
Sewer:    sewer_big_baddie

Skill      XL: |  1  2  3  4  5  6 |
---------------+-------------------+-----
Conjurations   | 2 |  2.8
Earth Magic    | 2 |  2.8
Short Blades   | 1 2 |  2.2
Long Blades    | 1 2 |  2.2
Maces & Flails | 1 2 |  2.2
Polearms       | 1 2 |  2.2
Staves         | 1 2 |  2.2
Slings         | 1 2 |  2.2
Bows           | 1 2 |  2.2
Crossbows      | 1 2 |  2.2
Armour         | 1 2 |  2.2
Dodging        | 1 2 |  2.2
Stealth        | 1 2 |  2.2
Shields        | 1 2 |  2.2
Unarmed Combat | 1 2 |  2.2
Invocations    | 1 2 |  2.4
Evocations     | 1 2 |  2.2
Spellcasting   | 3 |  3.6
Hexes          | 1 |  1.8
Charms         | 1 |  1.8
Summonings     | 1 |  1.8
Necromancy     | 1 |  1.8
Translocations | 1 |  1.8
Transmutations | 1 |  1.8
Fire Magic     | 1 |  1.8
Ice Magic      | 1 |  1.8
Air Magic      | 1 |  1.8
Poison Magic   | 1 |  1.8
Axes           | 5 |  5.1
Throwing       | 5 |  5.1
Fighting       | |  6.9

Action                   |  1- 3 |  4- 6 |  7- 9 || total
-------------------------+-------+-------+-------++-------
Melee: Hand axe          |    47 |    91 |       ||   138
       Bite              |     5 |    15 |     5 ||    25
       War axe           |       |    32 |    35 ||    67
       Punch             |       |     1 |       ||     1
       Kick              |       |       |     3 ||     3
Throw: Stone             |    40 |   128 |     6 ||   174
Evoke: Wand              |       |       |     1 ||     1
  Use: Scroll            |     1 |       |     2 ||     3
       Potion            |       |     6 |     3 ||     9
 Stab: Sleeping          |     1 |       |       ||     1
       Invisible         |       |     2 |       ||     2
  Eat: Chunk             |     1 |    10 |     1 ||    12
Armor: Robe              |     7 |     9 |       ||    16
       Plate armour      |       |       |    23 ||    23
Dodge: Dodged            |    30 |    85 |    21 ||   136

Table legend:
 A = Spawn XP
 B = Non-spawn XP
 C = Spawn XP percentage of total XP
 D = Spawn monster count
 E = Non-spawn monster count
 F = Spawn count percentage of total count
 G = Total turns spent on level
                    A         B        C        D         E        F      G
               +---------+---------+-------+---------+---------+-------+---------
         Total |       0 |     676 |   0.0 |       0 |      74 |   0.0 |  5219
               +---------+---------+-------+---------+---------+-------+---------
           D:1 |       0 |      24 |   0.0 |       0 |      14 |   0.0 |   777
           D:2 |       0 |     148 |   0.0 |       0 |      20 |   0.0 |  1577
           D:3 |       0 |      65 |   0.0 |       0 |      19 |   0.0 |  1492
           D:4 |       0 |     327 |   0.0 |       0 |      15 |   0.0 |  1113
         Sewer |       0 |     112 |   0.0 |       0 |       6 |   0.0 |   260
               +---------+---------+-------+---------+---------+-------+---------
